 Dungeon Crawl Stone Soup version 0.31-a0-600-g62dffe198b (webtiles) character file.

Game seed: 10572041754707965878

518 AdnanSaban the Cudgeller (level 7, 0/44 HPs)
             Began as a Gargoyle Fighter on Aug 21, 2023.
             Slain by a lemure (5 damage)
             ... led by Pikel
             ... on level 5 of the Dungeon.
             The game lasted 00:03:35 (3604 turns).

AdnanSaban the Cudgeller (Gargoyle Fighter)         Turns: 3604, Time: 00:03:36

Health: 0/44       AC: 20    Str: 22    XL:     7   Next: 21%
Magic:  7/7        EV: 10    Int:  8    God:
Gold:   194        SH:  4    Dex:  9    Spells: 6/6 levels left

rFire   . . .        t - +1 hammer (protect)
rCold   . . .        c - +0 buckler
rNeg    + . .        b - +0 scale mail
rPois   ∞            (no helmet)
rElec   +            n - +0 cloak
rCorr   +            (no gloves)
SInv    .            (no boots)
Will    .....        (no amulet) Stlth
                     m - ring of resist corrosion
HPRegen 0.27/turn    (no ring)
MPRegen 0.10/turn

%: no passive effects
@: under a protective aura
A: sickness immunity, AC +4, negative energy resistance 1, electricity
resistance, torment resistance 1, petrification resistance
a: no special abilities


You were on level 5 of the Dungeon.
You visited 1 branch of the dungeon, and saw 5 of its levels.

You collected 194 gold pieces.

Inventory:

Hand Weapons
 t - a +1 hammer of protection (weapon)
Missiles
 p - 10 poisoned darts
Armour
 b - a +0 scale mail (worn)
 c - a +0 buckler (worn)
 n - a +0 cloak (worn)
Jewellery
 m - a ring of resist corrosion (left hand)
Scrolls
 f - 2 scrolls of amnesia {unknown}
 g - a scroll of immolation {unknown}
 h - a scroll of brand weapon {unknown}
 j - 3 scrolls of identify {unknown}
 k - 5 scrolls of teleportation {unknown}
 q - a scroll of butterflies {unknown}
 r - a scroll of fog {unknown}
 s - a scroll of enchant weapon {unknown}
Potions
 d - a potion of might
 e - 2 potions of heal wounds {unknown}
 i - 3 potions of curing {unknown}
 l - 4 potions of degeneration {unknown}
 o - a potion of haste {unknown}


   Skills:
 + Level 4.3 Fighting
 + Level 5.1 Maces & Flails
 + Level 5.0 Armour
 + Level 1.7 Dodging
 + Level 0.2 Stealth
 + Level 4.2 Shields


You had 6 spell levels left.
You didn't know any spells.
Your spell library contained the following spells:

 Spells                   Type           Power      Damage    Failure   Level
 Inner Flame              Hex/Fire       0%         N/A       98%         3
 Vampiric Draining        Necr           0%         2d6       98%         3
 Animate Armour           Summ/Erth      0%         N/A       100%        4
 Petrify                  Tmut/Erth      0%         N/A       100%        4
 Summon Ice Beast         Ice/Summ       0%         N/A       100%        4
 Summon Mana Viper        Hex/Summ       0%         N/A       100%        5
 Yara's Violent Unravell  Hex/Tmut       0%         3d3       100%        5
 Enfeeble                 Hex            0%         N/A       100%        7
 Monstrous Menagerie      Summ           0%         N/A       100%        7


Dungeon Overview and Level Annotations

Branches:
Dungeon (5/15)
 Temple: D:4-7

Altars:
Zin

Annotations:
D:1 2 runed translucent doors
D:5 1 runed translucent door, Crazy Yiuf, Pikel


Innate Abilities, Weirdness & Mutations

You are immune to sickness and miasma.
Your stone body is resilient. (AC +4)
You are immune to poison.
You resist negative energy. (rN+)
You are resistant to electric shocks. (rElec)
You are resistant to unholy torment.
You are immune to petrification.


Message History

The lemure shouts!
You hit Pikel but do no damage.
Pikel is moderately wounded.
Pikel hits you with a +0 whip of electrocution.
The lemure hits you.
You hit Pikel.
Pikel is moderately wounded.
Pikel closely misses you.
The lemure hits you but does no damage. x2
You barely miss Pikel.
Pikel is moderately wounded.
Pikel hits you but does no damage. The lemure hits you but does no damage.
You block the lemure's attack.
You hit Pikel.
Pikel is moderately wounded.
You block Pikel's attack. The lemure barely misses you.
The lemure hits you but does no damage.
You barely miss Pikel.
Pikel is moderately wounded.
Pikel hits you but does no damage. The lemure barely misses you.
The lemure hits you. The lemure hits you but does no damage.
The lemure closely misses you.
Pikel zaps a wand.
The puff of flame hits you.
You hit Pikel.
Pikel is heavily wounded.
The lemure barely misses you. The lemure hits you but does no damage.
The lemure hits you. You block Pikel's attack. You block the lemure's attack.
The lemure misses you.
You closely miss Pikel.
Pikel is heavily wounded.
The lemure hits you! You block the lemure's attack. Pikel barely misses you.
The lemure hits you.
* * * LOW HITPOINT WARNING * * *
The lemure barely misses you. x2; The lemure hits you.
* * * LOW HITPOINT WARNING * * *
You hit Pikel.
Pikel is heavily wounded.
Pikel hits you with a +0 whip of electrocution.
* * * LOW HITPOINT WARNING * * *
The lemure hits you but does no damage. You block the lemure's attack.
The lemure hits you.
You die...

...... #.... #... #..#
### ##..#######
#..##..........
#....55K......
#....5@5# #.....###
#.....# #....## ####
#.....# #... #.....###
##... ##.......#####
##...#
#...###......###....##
#..# #####..........##


You could see Pikel and 4 lemures.

Vanquished Creatures
  A gnoll sergeant (D:4)
  2 scorpions
  2 jellies
  2 hounds (D:5)
  An iguana (D:5)
  An orc wizard (D:4)
  4 gnolls
  6 adders
  A shadow imp (D:5)
  A worm (D:2)
  A dart slug (D:2)
  5 orcs
  9 bats
  3 endoplasms
  2 giant cockroaches
  10 goblins
  4 hobgoblins
  4 jackals (D:2)
  7 kobolds
  4 quokkas
  7 ball pythons
  2 frilled lizards (D:1)
  5 rats
84 creatures vanquished.

Notes
Turn   | Place    | Note
-------+----------+-------------------------------------------
     0 | D:1      | AdnanSaban the Gargoyle Fighter began the quest for the
                  | Orb.
     0 | D:1      | Reached XP level 1. HP: 14/14 MP: 1/1
    42 | D:1      | Found a large runed translucent door.
    42 | D:1      | Found a large runed translucent door.
    44 | D:1      | Noticed an orc warrior
    47 | D:1      | Noticed an orc wizard
    58 | D:1      | Noticed an orc priest
   113 | D:1      | Reached XP level 2. HP: 16/19 MP: 2/2
   570 | D:1      | Reached XP level 3. HP: 22/23 MP: 3/3
  1030 | D:2      | Got the Atlas of Evil Deeds and the Xenolith
  1098 | D:2      | Reached XP level 4. HP: 23/29 MP: 4/4
  1478 | D:2      | Reached XP level 5. HP: 32/33 MP: 5/5
  1633 | D:2      | Reached skill level 1 in Dodging
  2470 | D:4      | Reached XP level 6. HP: 37/38 MP: 6/6
  2704 | D:5      | Entered Level 5 of the Dungeon
  2704 | D:5      | Noticed Pikel
  2836 | D:4      | Found a glowing silver altar of Zin.
  3448 | D:5      | Found a runed translucent door.
  3449 | D:5      | Noticed Crazy Yiuf
  3469 | D:5      | Reached XP level 7. HP: 40/43 MP: 7/7
  3519 | D:5      | Reached skill level 5 in Maces & Flails
  3544 | D:5      | Reached skill level 5 in Armour
  3604 | D:5      | Slain by a lemure

Illustrated notes

Levels and vault maps discovered:
D:1:      erik_arrival_cave_to_civilisation [erik_arrival_cave_to_temple],
          layout_loops_ring, minmay_misc_feat_plants, skrybe_limestone_x
D:2:      layout_basic
D:3:      layout_loops_cross, hex_medium
D:4:      layout_basic, mainiacjoe_overflow_cross_hatched
D:5:      layout_layer_cave, lemuel_tele_altar,
          minmay_temple_entry_proselytizer, bh_walls_and_bars,
          uniq_crazy_yiuf_cottage, uniq_pikel

Skill      XL: |  1  2  3  4  5  6  7 |
---------------+----------------------+-----
Maces & Flails | 3 4 5 |  5.1
Armour         | 4 5 |  5.0
Dodging        | 1 |  1.7
Fighting       | 4 |  4.3
Shields        | 4 |  4.2
Stealth        | |  0.2

Action                     |  1- 3 |  4- 6 |  7- 9 || total
---------------------------+-------+-------+-------++-------
  Melee: Flail             |    97 |   217 |       ||   314
         Mace              |       |     4 |    26 ||    30
 Armour: Scale mail        |    59 |   152 |    21 ||   232
  Dodge: Dodged            |    53 |   112 |    19 ||   184
  Block: Buckler           |    23 |    52 |     9 ||    84

Table legend: (Time is in decaauts)
 A = Elapsed time spent in this place.
 B = Non-inter-level travel time spent in this place.
 C = Inter-level travel time spent in this place.
 D = Time resting spent in this place.
 E = Time spent auto-exploring this place.
 F = Levels seen in this place.
 G = Mean time per level.
                   A        B        C        D        E       F      G
               +--------+--------+--------+--------+--------+-----+--------+
         Total |   3692 |   3562 |    130 |    294 |   2409 |   5 |  738.4 |
       Dungeon |   3692 |   3562 |    130 |    294 |   2409 |   5 |  738.4 |
               +--------+--------+--------+--------+--------+-----+--------+

Top non-repeatable levels by time:
     D:4: 1019 daAuts
     D:1: 910 daAuts
     D:2: 810 daAuts
     D:3: 571 daAuts
     D:5: 379 daAuts
